 Dungeon Crawl Stone Soup version 0.31-a0-18-gea43df2a32 (webtiles) character file.

Game seed: 5479636827202430596

1246 BlueFish the Conjurer (level 8, -3/57 HPs)
             Began as a Green Draconian Conjurer on May 9, 2023.
             Shot with an arrow by a centaur (10 damage)
             ... on level 6 of the Dungeon.
             The game lasted 00:16:07 (6580 turns).

BlueFish the Conjurer (Green Draconian Conjurer)    Turns: 6580, Time: 00:16:07

Health: -3/57      AC: 10    Str:  9    XL:     8   Next: 25%
Magic:  12/15      EV: 13    Int: 24    God:
Gold:   224        SH:  0    Dex: 10    Spells: 13/16 levels left

rFire   . . .        i - +0 short sword
rCold   . . .        (no shield)
rNeg    . . .        (body armour unavailable)
rPois   +            (helmet restricted)
rElec   .            f - +0 cloak
rCorr   .            g - +0 pair of gloves
SInv    .            e - +1 pair of boots of the Desert {rPois Int+3}
Will    .....        (no amulet)
Stlth   ++           (no ring)
HPRegen 0.29/turn    (no ring)
MPRegen 0.14/turn

%: no passive effects
@: invisible, very slow
A: breathe noxious fumes, AC +6, unfitting armour, poison resistance,
cold-blooded
a: Breathe Noxious Fumes


You were on level 6 of the Dungeon.
You visited 1 branch of the dungeon, and saw 6 of its levels.

You collected 224 gold pieces.

Inventory:

Hand Weapons
 b - a +0 club
 c - a +0 dagger
 i - a +0 short sword (weapon)
Armour
 e - the +1 pair of boots of the Desert (worn) {rPois Int+3}
   (You acquired it on level 6 of the Dungeon)

   Int:       It affects your intelligence (+3).
   rPois:     It protects you from poison.
 f - a +0 cloak (worn)
 g - a +0 pair of gloves (worn)
Wands
 n - a wand of roots (18)
Scrolls
 j - a scroll of acquirement
 l - 3 scrolls of fog {unknown}
 m - a scroll of teleportation {unknown}
 q - a scroll of noise {unknown}
 r - a scroll of enchant armour {unknown}
 x - 3 scrolls of vulnerability {unknown}
 y - a scroll of blinking {unknown}
Potions
 a - a potion of magic
 d - a potion of invisibility
 h - a potion of mutation {unknown}
 k - 2 potions of might
 o - 3 potions of curing
 p - a potion of flight {unknown}
 s - 2 potions of brilliance
 t - 2 potions of lignification
 u - a potion of attraction {unknown}
 v - a potion of ambrosia {unknown}
 w - a potion of heal wounds {unknown}


   Skills:
 + Level 4.8 Dodging
 + Level 5.1 Stealth
 + Level 4.9 Spellcasting
 + Level 6.4 Conjurations


You had 13 spell levels left.
You knew the following spells:

 Your Spells              Type           Power      Damage    Failure   Level
a - Magic Dart            Conj           100%       1d8       1%          1
b - Searing Ray           Conj           72%        2d7       1%          2

Your spell library contained the following spells:

 Spells                   Type           Power      Damage    Failure   Level
 Dazzling Flash           Conj/Hex       42%        N/A       7%          3
 Beastly Appendage        Tmut           10%        N/A       9%          1
 Summon Small Mammal      Summ           20%        N/A       9%          1
 Ensorcelled Hibernation  Hex/Ice        10%        N/A       14%         2
 Passwall                 Tmut/Erth      4%         N/A       14%         2
 Wereblood                Tmut           5%         N/A       14%         2
 Fulminant Prism          Conj/Hex       10%        3d9       24%         4
 Iskenderun's Mystic Bla  Conj/Tloc      21%        2d6       24%         4
 Call Canine Familiar     Summ           5%         N/A       26%         3
 Spider Form              Tmut/Pois      5%         N/A       26%         3
 Summon Guardian Golem    Hex/Summ       5%         N/A       26%         3
 Swiftness                Air            5%         N/A       26%         3


Dungeon Overview and Level Annotations

Branches:
Dungeon (6/15)
 Temple: D:4-7

Altars:
Dithmenos
Elyvilon
Kikubaaqudgha
Makhleb
Okawaru
Qazlal
The Shining One

Annotations:
D:6 Sigmund


Innate Abilities, Weirdness & Mutations

You can breathe blasts of noxious fumes.
Your lurid green scales are hard. (AC +6)
You cannot fit into any form of body armour.
Your system is resistant to poisons. (rPois)
You are cold-blooded and may be slowed by cold attacks.


Message History

The river rat runs around in a circle.
The river rat barely misses you.
The adder is engulfed in noxious fumes.
The adder appears confused.
The adder bites you.
You hear the rapid rusting of a drain.
The adder bites the river rat.
The river rat is poisoned.
The adder poisons the river rat!
The adder bites itself.
The river rat bites the adder!
Something bites the river rat.
The river rat completely misses you.
You have got your breath back.
The river rat dies!
The adder bites itself.
The adder is killed!
The centaur shoots an arrow.
The arrow hits you.
The worm seems less confused.
The centaur shoots an arrow.
The arrow hits you.
The centaur shoots an arrow.
The arrow hits you!
The centaur shoots an arrow.
The arrow misses you.
The centaur shoots an arrow.
The arrow closely misses you.
The centaur shoots an arrow.
The arrow hits you but does no damage.
You start resting.
Magic restored.
The centaur shoots an arrow.
The arrow hits you.
The centaur shoots an arrow.
The arrow hits you!
* * * LOW HITPOINT WARNING * * *
The centaur shoots an arrow.
The arrow hits you!
* * * LOW HITPOINT WARNING * * *
You fade into invisibility!
The centaur shoots an arrow.
The arrow completely misses you.
Casting: Searing Ray (safe; 1% risk of failure)
Confirm with . or Enter, or press ? or * to list all spells.
Aiming: Searing Ray (safe; 1% risk of failure)
Press: ? - help, Shift-Dir - straight line, f - centaur
Aim: a centaur, wielding a +0 shortbow (88% to hit)
The searing ray hits the centaur!
The centaur is moderately wounded. (Press . to maintain the ray.)
The centaur shoots an arrow.
The arrow misses you.
The centaur shoots an arrow.
The arrow barely misses you.
The searing ray hits the centaur but does no damage.
The centaur is moderately wounded.
The centaur shoots an arrow.
The arrow hits you!
You die...

#............#
+........#...#
#........#...###
#......#.......#
#.#)............#
.......##########
.......#~~r#~~
......†#~#~#~######
......~#c#~#~#c~@~#
..##.~~~~#~~w~r##~#
. #..~#~#~########
......~~~#~~
.......#~###
.#.#(.~~~#
#.....~~# #########


You could see a centaur, a worm and a rat.

Vanquished Creatures
  2 black bears
  2 phantoms
  A bullfrog (D:6)
  A scorpion (D:6)
  A howler monkey (D:4)
  2 hounds (D:4)
  A jelly (D:3)
  3 orc priests
  Natasha (thrice) (D:3)
  A sleepcap (D:4)
  A gnoll bouda (D:5)
  An iguana (D:5)
  5 orc wizards
  Robin (D:4)
  6 gnolls (D:5)
  8 adders
  A river rat (D:6)
  An ufetubus (D:4)
  A worm (D:2)
  13 orcs
  7 bats
  5 endoplasms
  5 giant cockroaches
  16 goblins
  8 hobgoblins
  7 quokkas
  8 ball pythons
  3 frilled lizards
  7 kobolds
  5 rats
126 creatures vanquished.

Vanquished Creatures (collateral kills)
  A river rat (D:6)
1 creature vanquished.

Vanquished Creatures (others)
  An orc wizard (D:4)
1 creature vanquished.

Grand Total: 128 creatures vanquished

Notes
Turn   | Place    | Note
-------+----------+-------------------------------------------
     0 | D:1      | BlueFish the Draconian Conjurer began the quest for the
                  | Orb.
     0 | D:1      | Reached XP level 1. HP: 14/14 MP: 3/3
   149 | D:1      | Reached XP level 2. HP: 20/20 MP: 0/5
   154 | D:1      | Learned a level 2 spell: Searing Ray
  1219 | D:1      | Found a faded altar of an unknown god.
  1343 | D:2      | Reached XP level 3. HP: 26/26 MP: 2/6
  1488 | D:2      | Found Wonic's Antique Weapon Shop.
  2711 | D:3      | Reached XP level 4. HP: 33/33 MP: 4/7
  2989 | D:3      | Found an iron altar of Okawaru.
  3004 | D:3      | Noticed Natasha
  3009 | D:3      | Killed Natasha
  3043 | D:3      | Noticed Natasha
  3054 | D:3      | Killed Natasha
  3055 | D:3      | Reached XP level 5. HP: 33/38 MP: 1/9
  3081 | D:3      | Noticed Natasha
  3367 | D:3      | Killed Natasha
  3603 | D:4      | Noticed Robin
  3607 | D:4      | Killed Robin
  3608 | D:4      | Reached skill level 5 in Conjurations
  3713 | D:4      | Reached XP level 6. HP: 39/45 MP: 5/11
  3828 | D:4      | Found a faded altar of an unknown god.
  3828 | D:4      | Found a stormy altar of Qazlal.
  3836 | D:4      | Found a glowing golden altar of the Shining One.
  3838 | D:4      | Found a white marble altar of Elyvilon.
  3840 | D:4      | Found a faded altar of an unknown god.
  4228 | D:4      | Found a shadowy altar of Dithmenos.
  4816 | D:5      | Entered Level 5 of the Dungeon
  4888 | D:5      | Your scales start taking on a lurid green colour.
  4888 | D:5      | Reached XP level 7. HP: 47/50 MP: 4/12
  4888 | D:5      | Gained mutation: Your system is resistant to poisons.
                  | (rPois) [Green Draconian growth]
  5983 | D:6      | Reached skill level 6 in Conjurations
  6105 | D:6      | Reached XP level 8. HP: 55/57 MP: 9/15
  6150 | D:6      | Found a burning altar of Makhleb.
  6163 | D:6      | Reached skill level 5 in Stealth
  6289 | D:6      | Identified 2 scrolls of acquirement
  6289 | D:6      | Acquired the +1 pair of boots of the Desert {rPois Int+3}
  6319 | D:6      | Noticed Sigmund
  6383 | D:6      | Found an ancient bone altar of Kikubaaqudgha.
  6580 | D:6      | Shot with an arrow by a centaur

Illustrated notes

Levels and vault maps discovered:
D:1:      dpeg_arrival_rooms_b, layout_basic, chequers_ecumenical_altar_lobes,
          minmay_misc_feat_ornament, roderic_serpentine_path
D:2:      layout_basic, serial_shops, nicolae_diamond_shop
D:3:      layout_basic, okawaru_trees_2, chequers_serial_rivers_micro_a,
          uniq_natasha
D:4:      layout_loops_ring, nicolae_dithmenos_shadow_blocks,
          chequers_temple_overflow_minitemple, minmay_stone_trees_medium,
          minmay_misc_feat_rows, uniq_robin
D:5:      layout_cave_pools
D:6:      layout_cave_pools, lemuel_doored_altar, kiku_gazebo_pond_becter,
          mainiacjoe_overflow_surrounded_room, lightli_sewer_entry_pipes,
          uniq_sigmund

Skill      XL: |  1  2  3  4  5  6  7  8 |
---------------+-------------------------+-----
Stealth        | 2 3 4 5 |  5.1
Dodging        | 2 3 4 |  4.8
Spellcasting   | 3 4 |  4.9
Conjurations   | 5 6 |  6.4

Action                     |  1- 3 |  4- 6 |  7- 9 || total
---------------------------+-------+-------+-------++-------
  Melee: Unarmed           |     8 |       |       ||     8
         Club              |     1 |       |       ||     1
         Short sword       |    35 |   106 |    48 ||   189
         Dagger            |    10 |       |       ||    10
         Tailslap          |     6 |     9 |     7 ||    22
         Punch             |       |     1 |       ||     1
   Cast: Magic Dart        |    87 |    73 |    43 ||   203
         Searing Ray       |       |    12 |    16 ||    28
Ability: Breathe Noxious F |       |       |     7 ||     7
    Use: Scroll            |       |       |     7 ||     7
         Potion            |       |       |     1 ||     1
 Armour: Skin              |    22 |    45 |    32 ||    99
  Dodge: Dodged            |    31 |    55 |    71 ||   157

Table legend: (Time is in decaauts)
 A = Elapsed time spent in this place.
 B = Non-inter-level travel time spent in this place.
 C = Inter-level travel time spent in this place.
 D = Time resting spent in this place.
 E = Time spent auto-exploring this place.
 F = Levels seen in this place.
 G = Mean time per level.
                   A        B        C        D        E       F      G
               +--------+--------+--------+--------+--------+-----+--------+
         Total |   6591 |   6423 |    168 |      7 |   5230 |   6 | 1098.5 |
       Dungeon |   6591 |   6423 |    168 |      7 |   5230 |   6 | 1098.5 |
               +--------+--------+--------+--------+--------+-----+--------+

Top non-repeatable levels by time:
     D:4: 1470 daAuts
     D:1: 1292 daAuts
     D:3: 1101 daAuts
     D:5: 1079 daAuts
     D:2: 1058 daAuts
     D:6: 588 daAuts
